AoeStats
← 主打抽象

Arabia

510678327Analyzed
1v1 RM · 11h ago on Oct 2, 2026· 27m 38s· 2 players
Game mode
Random Map
Map size
Tiny (2 player)
Population
200
Speed
Normal
Resources
Standard
Victory
Conquest
Starting age
Dark Age
Ending age
Imperial Age
RankedLock teamsTeams togetherTeam positionsShared explorationLock speedFull tech treeHidden civsTurbo modeCheats
Victory
Defeat
🇦🇷 Mongols · Argentina
1681
+20
🇨🇳 Tupi · China
1769
-20
主打抽象
6:23 Loom
8:43 Feudal Age
9:24 Double-Bit Axe
18:57 Scale Mail Armor
19:07 Fletching
19:36 Arson
23:47 Castle Age
22:03 Padded Archer Armor
24:31 Bodkin Arrow
23:57 Crossbowman
27:17 Wheelbarrow
26:34 Gold Mining
26:55 Bow Saw
Renzos
4:47 Loom
7:45 Feudal Age
8:43 Double-Bit Axe
15:21 Horse Collar
20:04 Castle Age
18:32 Gold Mining
18:53 Fletching
19:55 Padded Archer Armor
20:06 Bloodlines
20:53 Husbandry
21:31 Bodkin Arrow
25:46 Leather Archer Armor
26:56 Ballistics
26:57 Town Watch
27:49 Wheelbarrow
Connection lost

Rejoining the realm…

Still unreachable

The connection could not be restored.

Session expired

The server has moved on; the page needs a fresh start.